 Dungeon Crawl Stone Soup version 0.28.0-53-g5a82cb258f (webtiles) character file.

Game seed: 5292626473558966080

39 LynnLen the Vexing (level 3, -3/19 HPs)
             Began as a Vampire Enchanter on Aug 16, 2022.
             Killed from afar by a dart slug (6 damage)
             ... with a slug dart
             ... on level 2 of the Dungeon.
             The game lasted 00:04:29 (2042 turns).

LynnLen the Vexing (Vampire Enchanter)              Turns: 2042, Time: 00:04:30

Health: -3/19      AC:  2    Str:  7    XL:     3   Next: 28%
Magic:  6/6        EV: 13    Int: 17    God:
Gold:   60         SH:  0    Dex: 16    Spells: 3/6 levels left

rFire   . . .      SeeInvis +   a - +1 dagger
rCold   + + .      Faith    .   (no shield)
rNeg    + + +      Spirit   .   b - +0 robe
rPois   ∞          Reflect  .   (no helmet)
rElec   .          Harm     .   (no cloak)
rCorr   .          Rampage  .   (no gloves)
Will    .....                   (no boots)
Stlth   +++++.....              (no amulet)
HPRegen 0.00/turn               (no ring)
MPRegen 0.10/turn               (no ring)

@: bloodless, inhibited regen
A: bloodless, fangs 3, see invisible, vampiric 2
a: Bat Form, Revivify


You were on level 2 of the Dungeon.
You visited 1 branch of the dungeon, and saw 2 of its levels.

You collected 60 gold pieces.

Inventory:

Hand Weapons
 a - a +1 dagger (weapon)
Missiles
 e - 35 stones
Armour
 b - a +0 robe (worn)
Jewellery
 i - a ring of wizardry
Potions
 c - a potion of invisibility
 d - a potion of curing
 h - a potion of ambrosia {unknown}


   Skills:
 * Level 3.0 Short Blades
 + Level 2.9 Dodging
 - Level 4.4 Stealth
 - Level 2.0 Spellcasting
 - Level 4.4 Hexes


You had 3 spell levels left.
You knew the following spells:

 Your Spells              Type           Power      Damage    Failure   Level
a - Confusing Touch       Hex            16%        N/A       10%         3

Your spell library contained the following spells:

 Spells                   Type           Power      Damage    Failure   Level
 Tukima's Dance           Hex            16%        N/A       10%         3
 Ensorcelled Hibernation  Hex/Ice        18%        N/A       12%         2
 Dazzling Flash           Conj/Hex       18%        N/A       24%         3


Dungeon Overview and Level Annotations

Branches:
Dungeon (2/15)

Altars:

Shops:
D:2 =


Innate Abilities, Weirdness & Mutations

You do not regenerate when monsters are visible.
You are frail without blood (-20% HP).
You can heal yourself when you bite living creatures.
You are immune to poison.
You have razor-sharp teeth.
You have supernaturally acute eyesight. (SInv)
You are afflicted with vampirism and can become a bat while bloodless.


Message History

You hit the jackal but do no damage. Your bite misses the jackal.
The jackal is almost dead.
The jackal bites you.
You hit the jackal but do no damage.
The jackal is almost dead.
The jackal misses you.
The jackal bites you but does no damage.
You hit the jackal.
You kill the jackal!
The dart slug launches a dart at you. The slug dart hits you.
The dart slug launches a dart at you. The slug dart hits you.
You see here a jackal corpse.
The dart slug bites you.
You see here a jackal corpse.
You hit the dart slug.
The dart slug is lightly wounded.
The dart slug launches a dart at you. The slug dart misses you.
You hit the dart slug.
The dart slug is moderately wounded.
You hit the dart slug. You bite the dart slug.
The dart slug is severely wounded.
The dart slug barely misses you.
You hit the dart slug but do no damage.
The dart slug is severely wounded.
The dart slug barely misses you.
You hit the dart slug.
The dart slug is severely wounded.
You hit the dart slug.
The dart slug is almost dead.
The dart slug launches a dart at you. The slug dart hits you.
* * * LOW HITPOINT WARNING * * *
You hit the dart slug but do no damage.
The dart slug is almost dead.
The dart slug launches a dart at you. The slug dart hits you.
You die...

#.#........#..#####
#.#.....>..#..#....
#.#..............#
#..<.......#......
#####..###.#......
#........##.##
#..####.## # .#
#...# #..# #.#
#...# ##@##♣#♣##
#.# #...#
#w♣....$♣# #.#
##..# #S..w.S..#
###.# #..#
#♣..♣[♣..♣ ##.#.#
.[..
..(........##..).#
....
+.♣..♣.♣..♣........
#.........####.....
##.♣.....♣# ##..#<
##..♣.♣## #>...


You could see a dart slug and a ball python.

Vanquished Creatures
  A dart slug (D:1)
  7 endoplasms
  A giant cockroach (D:1)
  4 goblins
  3 hobgoblins (D:1)
  2 jackals (D:2)
  6 ball pythons
  2 frilled lizards
  6 kobolds (D:1)
  3 rats (D:1)
35 creatures vanquished.

Vanquished Creatures (others)
  A giant cockroach (D:1)
  2 fungi (D:1)
  12 plants
15 creatures vanquished.

Grand Total: 50 creatures vanquished

Notes
Turn   | Place    | Note
-------+----------+-------------------------------------------
     0 | D:1      | LynnLen the Vampire Enchanter began the quest for the Orb.
     0 | D:1      | Reached XP level 1. HP: 13/13 MP: 3/3
   643 | D:1      | Reached XP level 2. HP: 11/15 MP: 5/5
  1474 | D:1      | You fall into a shaft and drop 1 floor!
  1478 | D:2      | Noticed a phantom
  1525 | D:2      | Found Xammaiqei's Jewellery Emporium.
  1572 | D:1      | Gained mutation: You are afflicted with vampirism and can
                  | become a bat while bloodless. [Vampire growth]
  1572 | D:1      | Reached XP level 3. HP: 19/19 MP: 6/6
  1722 | D:1      | Learned a level 3 spell: Confusing Touch
  1853 | D:1      | Found a faded altar of an unknown god.
  2042 | D:2      | Killed from afar by a dart slug

Illustrated notes

Levels and vault maps discovered:
D:1:      dpeg_arrival_pond, layout_basic, dreamdust_ecumenical_altar_grove,
          minmay_shallow_snake_nest
D:2:      layout_loops_corners, serial_shops, nicolae_shop_trees, serial_forest,
          infiniplex_forest_straight_2, infiniplex_forest_lined_ring,
          infiniplex_forest_clump_large, infiniplex_forest_lined_4_way,
          infiniplex_forest_lined_corner, infiniplex_forest_clump_tiny,
          infiniplex_forest_clump_small, infiniplex_forest_lined_4_way,
          infiniplex_forest_clump_small, infiniplex_forest_straight_4,
          nicolae_figureground_sparkle

Skill      XL: |  1  2  3 |
---------------+----------+-----
Short Blades   | 2 3 |  3.0
Dodging        | |  2.9
Stealth        | |  4.4
Spellcasting   | |  2.0
Hexes          | |  4.4

Action                   || total
-------------------------++-------
Melee: Dagger            ||   104
       Bite              ||    13
 Abil: Exsanguinate      ||     1
  Use: Scroll            ||     3
 Stab: Sleeping          ||    12
       Distracted        ||     1
Armor: Robe              ||     9
Dodge: Dodged            ||    46
